 Dungeon Crawl Stone Soup version 0.31.0-11-ge490571c62 (console) character file.

Game seed: 8991404556220688908

198 jejorda2 the Ruffian (level 5, 0/45 HPs)
             Began as a Draconian Berserker on Jan 27, 2024.
             Was a Believer of Trog.
             Slain by Grinder (3 damage)
             ... on level 3 of the Dungeon.
             The game lasted 00:06:19 (2494 turns).

jejorda2 the Ruffian (Draconian Berserker)          Turns: 2494, Time: 00:06:19

Health: 0/45       AC:  7    Str: 21    XL:     5   Next: 47%
Magic:  5/5        EV: 12    Int:  7    God:    Trog [**....]
Gold:   56         SH:  5    Dex: 11    Spells: 4/4 levels left

rFire   + .          .
                       - Unarmed
rCold   + . .        (no shield)
rNeg    . . .        (body armour unavailable)
rPois   +            (helmet restricted)
rElec   +            p - +0 cloak
rCorr   +            (no gloves)
SInv    .            j - +0 pair of boots
Will    +++..        k - amulet of reflection
Stlth   +            (no ring)
HPRegen 1.27/turn    (no ring)
MPRegen 0.09/turn

%: reflection
@: mighty, resistant, strong-willed (expiring), enlightened, flying,
regenerating (expiring)
A: AC +5, unfitting armour, cold-blooded
a: Renounce Religion, Berserk, Trog's Hand


You were on level 3 of the Dungeon.
You worshipped Trog.
Trog was pleased with you.
You visited 1 branch of the dungeon, and saw 3 of its levels.

You collected 101 gold pieces.
You spent 45 gold pieces at shops.

Inventory:

Hand Weapons
 f - a +5 mace
Missiles
 e - 36 stones (quivered)
 q - 2 darts of dispersal
Armour
 j - a +0 pair of boots (worn)
 p - a +0 cloak (worn)
Jewellery
 k - an amulet of reflection (around neck)
Talismans
 d - a blade talisman
 h - a serpent talisman
Wands
 m - a wand of polymorph (8)
Scrolls
 b - 3 scrolls of fog {unknown}
 c - 5 scrolls of identify {unknown}
 i - a scroll of brand weapon {unknown}
 l - a scroll of vulnerability {unknown}
 o - a scroll of teleportation {unknown}


   Skills:
 - Level 3.2 Fighting
 - Level 2.6 Dodging
 + Level 4.3 Unarmed Combat
 * Level 3.8 Shapeshifting


You had 4 spell levels left.
You didn't know any spells.
Your spell library was empty.

Dungeon Overview and Level Annotations

Branches:
Dungeon (3/15)

Altars:
Okawaru

Shops:
D:2 [   D:3 (

Annotations:
D:3 Grinder


Innate Abilities, Weirdness & Mutations

Your plain brown scales are hard. (AC +5)
You cannot fit into any form of body armour.
You are cold-blooded and may be slowed by cold attacks.


Message History

Grinder blinks!
It was a potion of enlightenment.
You feel very buoyant.
You fly up into the air.
It was a potion of might.
You feel very mighty all of a sudden.
You feel the effects of Trog's Hand fading.
Throw: 38 stones
Press: ? - help, Q - select action, (/) - cycle Shift-Dir - straight line, f - Grinder
Aim: Grinder (heavily wounded, 47% to hit)
You throw a stone.
The stone hits Grinder but does no damage.
Grinder is heavily wounded.
Grinder grins, showing sharp teeth.
Throw: 37 stones
Press: ? - help, Q - select action, (/) - cycle Shift-Dir - straight line, f/p - Grinder
Aim: Grinder (heavily wounded, 47% to hit)
You throw a stone.
The stone hits Grinder but does no damage.
Grinder is heavily wounded.
You recover from your berserk rage.
You punch Grinder!
Grinder is severely wounded.
Grinder hits you!
* * * LOW HITPOINT WARNING * * *
You writhe in agony.
* * * LOW HITPOINT WARNING * * *
Unknown command.
You punch Grinder! You tail-slap Grinder.
Grinder is almost dead.
Grinder hits you.
* * * LOW HITPOINT WARNING * * *
You writhe in agony.
* * * LOW HITPOINT WARNING * * *
Unknown command.
You barely miss Grinder.
Your tail-slap misses Grinder.
Grinder is almost dead.
Grinder hits you.
You die...
Grinder says, "Hey, I wasn't done torturing you yet!"

#.####.#####.# #.#
#............# #.#
######.####### #.#
#.# #.# #.# #.#
#.# #.# ##.# #.#
#.# #..# #.#
####5# #.## #.#
#...@# #.#
..#####.# #....#
#.# .^....#.#
#...## #.#
..###.#.# ##.##
#.# ##.#.#### #.#
#.#
####.......###.###
#.#
.....#####.<.....#
#.# ####.#
#.###.#.# #.# #.#
#.....#.########.#


You could see Grinder.

Vanquished Creatures
  Crazy Yiuf (D:3)
  Ijyb (D:3)
  4 gnolls (D:2)
  3 adders
  2 dart slugs (D:1)
  2 ribbon worms
  An orc (D:3)
  4 endoplasms
  2 giant cockroaches (D:1)
  A goblin (D:3)
  14 hobgoblins
  11 kobolds
  A quokka (D:3)
  5 ball pythons
  9 bats
  3 frilled lizards
  5 rats
69 creatures vanquished.

Notes
Turn   | Place    | Note
-------+----------+-------------------------------------------
     0 | D:1      | jejorda2 the Draconian Berserker began the quest for the
                  | Orb.
     0 | D:1      | Reached XP level 1. HP: 19/19 MP: 1/1
    97 | D:1      | Reached skill level 1 in Shapeshifting
    97 | D:1      | Reached XP level 2. HP: 7/26 MP: 2/2
   700 | D:1      | Reached XP level 3. HP: 24/31 MP: 3/3
  1114 | D:1      | Reached ** piety under Trog
  1421 | D:2      | Reached XP level 4. HP: 38/38 MP: 4/4
  1436 | D:2      | Found Peuhaem's Armour Emporium.
  1445 | D:2      | Bought a +0 pair of boots for 45 gold pieces
  1674 | D:2      | Found an iron altar of Okawaru.
  1788 | D:3      | Reached skill level 4 in Unarmed Combat
  1941 | D:3      | Noticed Ijyb
  1948 | D:3      | Killed Ijyb
  1949 | D:3      | Reached XP level 5. HP: 45/45 MP: 5/5
  2140 | D:3      | Found Quadys's Weapon Emporium.
  2311 | D:3      | Found a runed translucent door.
  2312 | D:3      | Noticed Crazy Yiuf
  2318 | D:3      | Killed Crazy Yiuf
  2446 | D:3      | Noticed Grinder
  2466 | D:3      | Paralysed by Grinder for 5 turns
  2493 | D:3      | HP: 2/45 [Grinder (4)]
  2494 | D:3      | Slain by Grinder

Illustrated notes

Levels and vault maps discovered:
D:1:      amcnicky_arrival_underground_garden, layout_basic, minmay_tetromino_i4
D:2:      layout_rooms, basic_altar, serial_shops, nicolae_lakefront_shop
D:3:      layout_loops_ring, serial_shops, shop, uniq_ijyb,
          uniq_crazy_yiuf_cottage, uniq_grinder

Skill      XL: |  1  2  3  4 |
---------------+-------------+-----
Shapeshifting  | 1 2 3 |  3.8
Unarmed Combat | 4 |  4.3
Fighting       | |  3.2
Dodging        | |  2.6

Action                     |  1- 3 |  4- 6 || total
---------------------------+-------+-------++-------
  Melee: Unarmed           |   124 |    96 ||   220
         Tailslap          |    13 |    14 ||    27
         Punch             |     2 |     2 ||     4
  Throw: Stone             |       |     2 ||     2
 Invoke: Berserk           |     1 |     4 ||     5
         Trog's Hand       |       |     4 ||     4
    Use: Potion            |       |     4 ||     4
   Stab: Sleeping          |     3 |       ||     3
 Armour: Skin              |    61 |    44 ||   105
  Dodge: Dodged            |    84 |    43 ||   127
  Block: Other             |       |    15 ||    15
